 Dungeon Crawl Stone Soup version 0.19.0-18-g426998a (webtiles) character file.

53 MaximumFunGaming the Grave Robber (level 3, 17/19 HPs)
             Began as a Deep Elf Necromancer on Nov 12, 2016.
             Quit the game on level 2 of the Dungeon.
             The game lasted 00:10:24 (1207 turns).

MaximumFunGaming the Grave Robber (DENe)            Turns: 1207, Time: 00:10:24

Health: 17/19      AC:  2    Str:  5    XL:     3   Next: 62%
Magic:  7/10       EV: 13    Int: 20    God:
Gold:   46         SH:  0    Dex: 15    Spells: 4 memorised, 1 level left

rFire  . . .     SeeInvis .     h - +0 club (curse)
rCold  . . .     Gourm    .     g - +0 robe (curse)
rNeg   . . .     Faith    .     (no shield)
rPois  .         Spirit   .     (no helmet)
rElec  .         Reflect  .     (no cloak)
rCorr  .         Harm     .     (no gloves)
MR     .....                    (no boots)
Stlth  ++........               (no amulet)
                                (no ring)
                                (no ring)

@: no status effects
A: no striking features
a: no special abilities


You were on level 2 of the Dungeon.
You were not hungry.

You visited 1 branch of the dungeon, and saw 2 of its levels.

You collected 46 gold pieces.

Inventory:

Hand Weapons
 h - a cursed +0 club (weapon)
 k - a +0 dagger
Missiles
 d - 2 tomahawks of returning (quivered)
 e - 62 stones
 i - 43 sling bullets
Armour
 a - a +0 robe
 g - a cursed +0 robe (worn)
 m - a +0 helmet
Potions
 f - a potion of brilliance {unknown}
Books
 b - a book of Necromancy

   Spells                             Type                      Level
   a - Pain                           Necromancy                   1
   b - Animate Skeleton               Necromancy                   1
   c - Vampiric Draining              Necromancy                   3
   d - Regeneration                   Charms/Necromancy            3
   e - Animate Dead                   Necromancy                   4
   f - Control Undead                 Necromancy                   4
Comestibles
 c - 2 bread rations
 j - 6 chunks of flesh
 l - a meat ration


   Skills:
 + Level 0.1 Fighting
 + Level 2.6 Dodging
 + Level 2.4 Stealth
 + Level 3.7 Spellcasting
 + Level 6.0 Necromancy


You had one spell level left.
You knew the following spells:

 Your Spells              Type           Power        Failure   Level  Hunger
a - Pain                  Necr           ####         1%          1    None
b - Animate Skeleton      Necr           N/A          1%          1    None
c - Vampiric Draining     Necr           ####......   4%          3    ###....
d - Regeneration          Chrm/Necr      ###.......   14%         3    ###....


Dungeon Overview and Level Annotations

Branches:
Dungeon (2/15)

Altars:


Message History

c - 2 bread rations (gained 1)
There is a stone staircase leading up here.
You can't go down here!
Your magical contamination has completely faded away.
A rat is nearby!
Casting: Animate Skeleton
Confirm with . or Enter, or press ? or * to list all spells.
You can't see any susceptible monsters within range! (Use Z to cast anyway.)
A rat is nearby!
Your kobold skeleton closely misses the rat.
The rat bites your kobold skeleton.
Your kobold skeleton is destroyed!
Casting: Animate Skeleton
Confirm with . or Enter, or press ? or * to list all spells.
Aiming: Pain
Press: ? - help, Shift-Dir - straight line, f - rat
Aim: a rat (moderately wounded, chance to defeat MR: 93%)
The rat writhes in agony!
You kill the rat!
Are you sure you want to abandon this character and quit the game? (Confirm with "yes".)

#............(..†........
#######.#############Z#........
.........# #%#.####.##
.######..# ######%#.####.# .#
#..# #.............# Z# #..#
##.####.#r###.... Z# ##.#
##...###.#Z# r. .#
.#####.....##.#.# ##
........@...).#Z#
.#####.....##.#.# ##...###.#Z#
##Z## #.#.## #.# #....##..
#.####......... #
#....<.......## #
######.####### # #.#


You could see a friendly kobold skeleton.

Vanquished Creatures
  An adder (D:2)
  2 oozes (D:1)
  2 dart slugs
  2 leopard geckos
  5 hobgoblins
  5 bats
  A frilled lizard (D:2)
  5 goblins
  3 kobolds
  3 rats (D:2)
29 creatures vanquished.

Vanquished Creatures (collateral kills)
  A dart slug (D:1)
  A giant cockroach (D:2)
2 creatures vanquished.

Grand Total: 31 creatures vanquished

Notes
Turn   | Place    | Note
-------+----------+-------------------------------------------
     0 | D:1      | MaximumFunGaming the Deep Elf Necromancer began the quest for the Orb.
     0 | D:1      | Reached XP level 1. HP: 10/10 MP: 6/6
    15 | D:1      | Learned a level 1 spell: Animate Skeleton
    64 | D:1      | Reached skill level 5 in Necromancy
   438 | D:1      | Reached XP level 2. HP: 10/15 MP: 4/8
   877 | D:2      | Reached XP level 3. HP: 16/19 MP: 7/9
   989 | D:2      | Learned a level 3 spell: Vampiric Draining
   993 | D:2      | Learned a level 3 spell: Regeneration
  1040 | D:2      | Reached skill level 6 in Necromancy
  1207 | D:2      | Quit the game

Skill      XL: |  1  2  3 |
---------------+----------+-----
Necromancy     | 5 6 |  6.0
Fighting       | |  0.1
Dodging        | |  2.6
Stealth        | |  2.4
Spellcasting   | |  3.7

Action                   || total
-------------------------++-------
Melee: Club              ||     5
Throw: Stone             ||     3
       Tomahawk          ||     6
 Cast: Pain              ||    45
       Animate Skeleton  ||    12
       Regeneration      ||     1
  Use: Potion            ||     1
       Scroll            ||     2
  Eat: Chunk             ||     1
Armor: Robe              ||     7
Dodge: Dodged            ||    13
